 Dungeon Crawl Stone Soup version 0.26.1-15-g04117e645d (webtiles) character file.

Game seed: 15429583378390832073

124 suipiss the Grave Robber (level 4, -2/30 HPs)
             Began as a Mummy Necromancer on Dec 29, 2022.
             Slain by Crazy Yiuf
             ... wielding a +3 quarterstaff of chaos
              (7 damage)
             ... on level 3 of the Dungeon.
             The game lasted 00:04:11 (3653 turns).

suipiss the Grave Robber (Mummy Necromancer)        Turns: 3653, Time: 00:04:12

Health: -2/30      AC:  3    Str: 11    XL:     4   Next: 81%
Magic:  9/10       EV: 12    Int: 15    God:
Gold:   179        SH:  0    Dex: 12    Spells: 6/11 levels left

rFire    x . .     SeeInvis .   h - +0 whip (curse)
rCold    + . .     Faith    .   (no shield)
rNeg     + + +     Spirit   .   a - +0 robe
rPois    ∞         Reflect  .   (no helmet)
rElec    .         Harm     .   e - +0 cloak
rCorr    .         Rampage  .   (no gloves)
Will     .....                  (no boots)
Stlth    +.........             i - amulet of magic regeneration
HPRegen  0.10/turn              (no ring)
MPRegen  0.37/turn              (no ring)

@: confused
A: no potions, fire vulnerability, cold resistance 1, negative energy resistance
3, torment resistance, unbreathing
a: no special abilities


You were on level 3 of the Dungeon.
You visited 1 branch of the dungeon, and saw 3 of its levels.

You collected 179 gold pieces.

Inventory:

Hand Weapons
 d - a +0 club
 h - a cursed +0 whip (weapon)
Armour
 a - a +0 robe (worn)
 e - a +0 cloak (worn)
Jewellery
 i - an amulet of magic regeneration (around neck)
Scrolls
 b - a scroll of blinking
 c - 2 scrolls of amnesia
 f - a scroll of teleportation
 g - a scroll of remove curse
 l - a scroll of fog


   Skills:
 + Level 1.0 Armour
 + Level 2.0 Dodging
 - Level 1.5 Stealth
 + Level 1.1 Shields
 * Level 4.1 Spellcasting
 * Level 4.7 Necromancy


You had 6 spell levels left.
You knew the following spells:

 Your Spells              Type           Power        Failure   Level
a - Pain                  Necr           68%          2%          1
b - Animate Skeleton      Necr           34%          2%          1
c - Vampiric Draining     Necr           8%           8%          3

Your spell library contained the following spells:

 Spells                   Type           Power        Failure   Level
 Animate Dead             Necr           8%           26%         4
 Agony                    Necr           17%          56%         5


Dungeon Overview and Level Annotations

Branches:
Dungeon (3/15)

Altars:
Dithmenos
Trog
The Shining One

Annotations:
D:3 2 transporters, Crazy Yiuf


Innate Abilities, Weirdness & Mutations

You do not drink.
Your flesh is vulnerable to fire.
You are immune to poison.
Your flesh is cold resistant. (rC+)
You are immune to negative energy. (rN+++)
You are immune to unholy pain and torment.
You can survive without breathing.


Message History

Aiming: Pain (safe; 2% risk of failure)
Press: ? - help, Shift-Dir - straight line, f/p - Crazy Yiuf
Aim: Crazy Yiuf, wielding a +3 quarterstaff of chaos and wearing a +0 cloak (moderately wounded, chance to affect: 82%) Crazy Yiuf writhes in agony.
Crazy Yiuf hits you with a +3 quarterstaff of chaos!
You are confused.
Sorry, you're not good enough to have a special ability.
Unknown command.
You can't drink.
You're too confused to cast spells.
Unknown command.
Unknown command.
You are too confused!
You bump into the stone wall.
Crazy Yiuf hits you with a +3 quarterstaff of chaos.
You bump into the stone wall.
Crazy Yiuf hits you with a +3 quarterstaff of chaos!
* * * LOW HITPOINT WARNING * * *
Crazy Yiuf burns you!
You die...

#....# #.#
#....# ##.##
#....#
##...##
#...##
#.....#
##.##
#....######
#.##
##.........
##.#
##.#######
#.## #.#
##@# #.# #g#
#.# ... #.#
#...# #.#
#..)#
#.#######
#####
###........
#.#..######
###.#..#
#......#####


You could see Crazy Yiuf.

Vanquished Creatures
  Natasha (D:3)
  2 adders (D:2)
  2 worms (D:2)
  A dart slug (D:1)
  2 leopard geckos
  An orc (D:3)
  A ball python (D:1)
  9 bats
  2 giant cockroaches (D:1)
  7 goblins
  9 hobgoblins
  11 jackals
  5 frilled lizards
  6 kobolds
  6 rats
65 creatures vanquished.

Notes
Turn   | Place    | Note
-------+----------+-------------------------------------------
     0 | D:1      | suipiss the Mummy Necromancer began the quest for the Orb.
     0 | D:1      | Reached XP level 1. HP: 13/13 MP: 4/4
   167 | D:1      | Reached XP level 2. HP: 19/19 MP: 1/5
   261 | D:1      | Learned a level 1 spell: Animate Skeleton
  1012 | D:1      | Reached XP level 3. HP: 22/24 MP: 5/7
  1016 | D:1      | Learned a level 3 spell: Vampiric Draining
  2142 | D:2      | Found a shadowy altar of Dithmenos.
  2202 | D:2      | Reached XP level 4. HP: 14/30 MP: 1/9
  2653 | D:2      | Found a glowing golden altar of the Shining One.
  3123 | D:2      | Reached skill level 1 in Armour
  3123 | D:2      | Reached skill level 1 in Shields
  3261 | D:3      | Found a transporter.
  3329 | D:3      | Found a transporter.
  3400 | D:3      | Noticed Natasha
  3416 | D:3      | Killed Natasha
  3518 | D:3      | Found a bloodstained altar of Trog.
  3596 | D:3      | Found a runed translucent door.
  3597 | D:3      | Noticed Crazy Yiuf
  3653 | D:3      | Slain by Crazy Yiuf

Illustrated notes

Levels and vault maps discovered:
D:1:      amcnicky_arrival_underground_garden, layout_basic
D:2:      layout_basic, nicolae_tso_carved_into_rock,
          nicolae_overflow_hidden_temple
D:3:      gammafunk_wand_slinger, layout_loops_corners,
          overflow_temple_1_default, fedhas_altar_1, grunt_ministairs_8,
          uniq_grinder, uniq_natasha, uniq_crazy_yiuf_cottage

Skill      XL: |  1  2  3  4 |
---------------+-------------+-----
Spellcasting   | 3 4 |  4.1
Armour         | 1 |  1.0
Dodging        | 2 |  2.0
Shields        | 1 |  1.1
Stealth        | |  1.5
Necromancy     | |  4.7

Action                   |  1- 3 |  4- 6 || total
-------------------------+-------+-------++-------
Melee: Whip              |    96 |    62 ||   158
       Club              |    12 |       ||    12
       Unarmed           |     1 |       ||     1
 Cast: Pain              |    38 |    14 ||    52
       Vampiric Draining |    15 |     5 ||    20
  Use: Scroll            |     3 |     5 ||     8
 Stab: Sleeping          |       |     2 ||     2
Armor: Robe              |    43 |    13 ||    56
Dodge: Dodged            |   153 |    39 ||   192
